 Dungeon Crawl Stone Soup version 0.31-a0-559-g03b8d61ab2 (webtiles) character file.

Game seed: 9564067689468327296

380 Ethylacetat the Changeling (level 6, -1/42 HPs)
             Began as an Octopode Gladiator on Aug 17, 2023.
             Slain by a kobold brigand
             ... wielding a +1 short sword of flaming
              (3 damage)
             ... in a sewer.
             The game lasted 00:05:14 (2319 turns).

Ethylacetat the Changeling (Octopode Gladiator)     Turns: 2319, Time: 00:05:15

Health: -1/42      AC:  1    Str: 14      XL:     6   Next: 75%
Magic:  6/6        EV: 14    Int: 10      God:
Gold:   54         SH:  0    Dex: 13 (15) Spells: 5/5 levels left

rFire   . . .        h - +1 dagger (venom)
rCold   . . .        (no shield)
rNeg    . . .        a - +0 hat
rPois   .            (no amulet)
rElec   .            (no ring)
rCorr   .            (no ring)
SInv    .            (no ring)
Will    .....        (no ring)
Stlth   ++           (no ring)
HPRegen 0.27/turn    (no ring)
MPRegen 0.10/turn    (no ring)
                     (no ring)

%: no passive effects
@: lethally poisoned (-1 -> -4)
A: almost no armour, amphibious, 8 rings, camouflage 1, gelatinous body 1,
(nimble swimmer 1), tentacles
a: no special abilities


You were in a sewer.
You visited 1 branch of the dungeon, and saw 3 of its levels.
You also visited: Sewer.

You collected 129 gold pieces.
You spent 75 gold pieces at shops.

Inventory:

Hand Weapons
 h - a +1 dagger of venom (weapon)
Missiles
 b - 3 throwing nets (quivered)
 c - a javelin
Armour
 a - a +0 hat (worn)
Talismans
 u - a serpent talisman
Scrolls
 e - 3 scrolls of identify {unknown}
 f - a scroll of silence {unknown}
 i - a scroll of fear {unknown}
 j - a scroll of enchant armour {unknown}
 q - a scroll of vulnerability {unknown}
 s - a scroll of teleportation {unknown}
 t - 2 scrolls of noise {unknown}
Potions
 d - a potion of lignification {unknown}
 g - a potion of mutation {unknown}
 k - 3 potions of enlightenment {unknown}
 l - a potion of invisibility {unknown}
 m - a potion of berserk rage {unknown}
 n - a potion of heal wounds {unknown}
 o - 5 potions of curing {unknown}
 p - 2 potions of degeneration {unknown}
 r - 2 potions of might {unknown}


   Skills:
 - Level 3.2 Fighting
 - Level 2.0 Throwing
 - Level 3.8 Dodging
 - Level 3.8 Unarmed Combat
 * Level 4.0 Shapeshifting


You had 5 spell levels left.
You didn't know any spells.
Your spell library contained the following spells:

 Spells                   Type           Power      Damage    Failure   Level
 Freeze                   Ice            0%         1d3       36%         1
 Frozen Ramparts          Ice            0%         1d1       75%         3
 Hailstorm                Conj/Ice       0%         3d3       75%         3


Dungeon Overview and Level Annotations

Branches:
Dungeon (3/15)              Sewer (1/1)

Altars:

Shops:
D:2 *


Innate Abilities, Weirdness & Mutations

You cannot wear most types of armour.
You are amphibious.
You can wear up to eight rings at the same time.
Your skin changes colour to match your surroundings (Stealth+).
Your rubbery body absorbs attacks. (AC +1, EV +1)
((You are camouflaged when in or above water. (Stealth+)))
You have tentacles for arms and can constrict up to eight enemies at once.


Message History

You kill the kobold!
The kobold hits you but does no damage.
The kobold brigand throws a poisoned dart.
The poisoned dart hits you!
You are poisoned.
You hit the kobold. You grab the kobold.
The kobold is moderately wounded.
You constrict the kobold.
You kill the kobold!
You feel very sick.
You closely miss the kobold brigand. You grab the kobold brigand.
You squeeze the kobold brigand.
The kobold brigand is moderately wounded.
You constrict the kobold brigand.
You feel sick.
The kobold brigand hits you with a +1 short sword of flaming.
The kobold brigand burns you.
You hit the kobold brigand but do no damage.
The kobold brigand is poisoned.
The kobold brigand is moderately wounded.
You constrict the kobold brigand.
You feel sick.
The kobold brigand hits you with a +1 short sword of flaming!
The kobold brigand burns you.
You are too injured to fight recklessly!
You are too injured to fight recklessly!
You are too injured to fight recklessly!
You hit the kobold brigand but do no damage.
You squeeze the kobold brigand!
The kobold brigand is severely wounded.
You constrict the kobold brigand.
You feel sick.
The kobold brigand hits you with a +1 short sword of flaming.
* * * LOW HITPOINT WARNING * * *
The kobold brigand burns you.
* * * LOW HITPOINT WARNING * * *
You hit the kobold brigand.
The kobold brigand is severely wounded.
You constrict the kobold brigand.
You feel sick.
The kobold brigand hits you with a +1 short sword of flaming!
* * * LOW HITPOINT WARNING * * *
The kobold brigand burns you.
You die...

.....≈≈#...#.....§.'......)###
....≈≈≈≈...).§._...'........∩#
.....≈≈#...#.)...§.'.......###
~###.####.###..§...#≈~≈≈≈≈##
≈~~~...#.~≈##.....#########
≈≈≈≈~..#.≈≈###'''##
≈≈≈≈≈~.#..≈##≈...≈#
≈≈≈≈~..#.†≈##≈...≈#
≈≈≈≈≈..#.~~##≈..@~#
≈≈≈≈≈..'..≈##≈.)K≈#
#############≈...≈# #≈...≈#
##!)!## ##!## #∩ ##


You could see a kobold brigand (very poisoned).

Vanquished Creatures
  Grinder (Sewer)
  2 quasits (Sewer)
  2 adders
  2 shadow imps (Sewer)
  2 ufetubi (Sewer)
  An adder zombie (Sewer)
  2 worms (D:3)
  2 dart slugs
  9 bats
  3 endoplasms
  6 giant cockroaches
  6 goblins
  4 hobgoblins
  7 jackals
  23 kobolds
  8 ball pythons
  2 frilled lizards
  2 rats
84 creatures vanquished.

Vanquished Creatures (others)
  An endoplasm (Sewer)
1 creature vanquished.

Grand Total: 85 creatures vanquished

Notes
Turn   | Place    | Note
-------+----------+-------------------------------------------
     0 | D:1      | Ethylacetat the Octopode Gladiator began the quest for the
                  | Orb.
     0 | D:1      | Reached XP level 1. HP: 14/14 MP: 1/1
    63 | D:1      | Reached XP level 2. HP: 9/19 MP: 2/2
   478 | D:1      | Reached XP level 3. HP: 25/25 MP: 3/3
   910 | D:2      | Found Biamni's Assorted Antiques.
  1191 | D:2      | Bought a bubbling cyan potion for 24 gold pieces
  1191 | D:2      | Bought a fuming inky potion for 24 gold pieces
  1191 | D:2      | Bought a scroll labelled EFU UTO PUPUT for 27 gold pieces
  1217 | D:2      | Reached XP level 4. HP: 30/30 MP: 4/4
  1753 | D:3      | Found a glowing drain.
  1762 | Sewer    | Entered a sewer
  1856 | Sewer    | Reached skill level 1 in Shapeshifting
  1858 | Sewer    | Reached XP level 5. HP: 24/36 MP: 5/5
  1990 | Sewer    | Found a burning altar of Makhleb.
  2003 | Sewer    | Reached skill level 2 in Shapeshifting
  2136 | Sewer    | Noticed Grinder
  2154 | Sewer    | Killed Grinder
  2155 | Sewer    | Reached skill level 4 in Shapeshifting
  2155 | Sewer    | Reached XP level 6. HP: 9/42 MP: 6/6
  2319 | Sewer    | HP: 2/42 [kobold brigand/+1 short sword of flaming (7)]
  2319 | Sewer    | Slain by a kobold brigand

Illustrated notes

Levels and vault maps discovered:
D:1:      nagdon_arrival_zigzag_paths, layout_basic, palyth_stone_intersect
D:2:      layout_basic, serial_shops, nicolae_shop_overgrown_old_shop
D:3:      layout_basic, cheibrodos_sewer_entry_sluice, minivault_4
Sewer:    kennysheep_sewer_church

Skill      XL: |  1  2  3  4  5 |
---------------+----------------+-----
Fighting       | 3 |  3.2
Shapeshifting  | 1 4 |  4.0
Throwing       | |  2.0
Dodging        | |  3.8
Unarmed Combat | |  3.8

Action                     |  1- 3 |  4- 6 || total
---------------------------+-------+-------++-------
  Melee: Unarmed           |    23 |       ||    23
         Tentacles         |    13 |    29 ||    42
         Punch             |     7 |     8 ||    15
         Constrict         |    23 |    33 ||    56
         Dagger            |    44 |   113 ||   157
   Stab: Sleeping          |    10 |     1 ||    11
 Armour: Skin              |     7 |    16 ||    23
  Dodge: Dodged            |    45 |    80 ||   125

Table legend: (Time is in decaauts)
 A = Elapsed time spent in this place.
 B = Non-inter-level travel time spent in this place.
 C = Inter-level travel time spent in this place.
 D = Time resting spent in this place.
 E = Time spent auto-exploring this place.
 F = Levels seen in this place.
 G = Mean time per level.
                   A        B        C        D        E       F      G
               +--------+--------+--------+--------+--------+-----+--------+
         Total |   2316 |   2305 |     11 |    172 |   1401 |   4 |  579.0 |
       Dungeon |   1759 |   1748 |     11 |     42 |   1122 |   3 |  586.3 |
         Sewer |    556 |    556 |      0 |    130 |    279 |   1 |  556.0 |
               +--------+--------+--------+--------+--------+-----+--------+

Top non-repeatable levels by time:
     D:1: 708 daAuts
     D:2: 657 daAuts
   Sewer: 556 daAuts
     D:3: 393 daAuts
